 Dungeon Crawl Stone Soup version 0.29-a0-330-g52719c12eb (webtiles) character file.

Game seed: 17740162877995970199

250 gruber the Conjurer (level 6, 0/36 HPs)
             Began as an Octopode Conjurer on Apr 21, 2022.
             Slain by a phantom (2 damage)
             ... on level 4 of the Dungeon.
             The game lasted 00:04:41 (3700 turns).

gruber the Conjurer (Octopode Conjurer)             Turns: 3700, Time: 00:04:42

Health: 0/36       AC:  1    Str:  6    XL:     6   Next: 13%
Magic:  9/10       EV: 13    Int: 22    God:
Gold:   132        SH:  0    Dex: 11    Spells: 4/11 levels left

rFire   . . .      SeeInvis .   l - +2 spear (vamp)
rCold   . . .      Faith    .   (no shield)
rNeg    . . .      Spirit   .   (helmet restricted)
rPois   .          Reflect  .   (no amulet)
rElec   .          Harm     .   (no ring)
rCorr   .          Rampage  .   (no ring)
Will    .....                   (no ring)
Stlth   +++.......              (no ring)
HPRegen 0.12/turn               (no ring)
MPRegen 0.12/turn               (no ring)
                                (no ring)
                                (no ring)

@: no status effects
A: almost no armour, amphibious, 8 rings, camouflage 1, gelatinous body 1,
(nimble swimmer 1), tentacles
a: no special abilities


You were on level 4 of the Dungeon.
You visited 1 branch of the dungeon, and saw 4 of its levels.

You collected 132 gold pieces.

Inventory:

Hand Weapons
 l - a +2 vampiric spear (weapon)
Missiles
 o - 4 poisoned darts
Scrolls
 b - 2 scrolls of magic mapping {unknown}
 c - a scroll of blinking {unknown}
 h - 2 scrolls of teleportation {unknown}
 i - a scroll of identify {unknown}
 j - 2 scrolls of fear {unknown}
 m - a scroll of fog {unknown}
 n - a scroll of holy word {unknown}
Potions
 a - a potion of magic
 d - 3 potions of curing {unknown}
 e - 3 potions of brilliance {unknown}
 f - a potion of lignification {unknown}
 g - 2 potions of resistance {unknown}
 k - a potion of mutation {unknown}


   Skills:
 - Level 2.0 Dodging
 - Level 2.6 Stealth
 - Level 3.1 Spellcasting
 * Level 6.6 Conjurations


You had 4 spell levels left.
You knew the following spells:

 Your Spells              Type           Power      Damage    Failure   Level
a - Magic Dart            Conj           100%       1d8       1%          1
b - Searing Ray           Conj           64%        2d6       1%          2
c - Fulminant Prism       Conj/Hex       9%         3d7       30%         4

Your spell library contained the following spells:

 Spells                   Type           Power      Damage    Failure   Level
 Static Discharge         Conj/Air       18%        N/A       4%          2
 Dazzling Flash           Conj/Hex       36%        N/A       10%         3
 Stone Arrow              Conj/Erth      36%        3d9       10%         3
 Animate Skeleton         Necr           6%         N/A       12%         1
 Pain                     Necr           12%        1d4       12%         1
 Sandblast                Erth           6%         2d5       12%         1
 Corpse Rot               Necr/Air       6%         N/A       19%         2
 Passwall                 Tmut/Erth      2%         N/A       19%         2
 Poisonous Vapours        Pois/Air       6%         N/A       19%         2
 Iskenderun's Mystic Bla  Conj/Tloc      18%        2d6       30%         4
 Vampiric Draining        Necr           3%         2d6       36%         3
 Lightning Bolt           Conj/Air       9%         1d21      65%         5
 Maxwell's Capacitive Co  Air            1%         ∞         100%        8


Dungeon Overview and Level Annotations

Branches:
Dungeon (4/15)
 Temple: D:4-7

Altars:
Dithmenos

Annotations:
D:3 Grinder


Innate Abilities, Weirdness & Mutations

You cannot wear most types of armour.
You are amphibious.
You can wear up to eight rings at the same time.
Your skin changes colour to match your surroundings (Stealth+).
Your rubbery body absorbs attacks. (AC +1, EV +1)
((You are camouflaged when in or above water. (Stealth+)))
You have tentacles for arms and can constrict up to eight enemies at once.


Message History

There is a stone staircase leading down here.
You climb downwards.
The endoplasm hits you. The phantom hits you.
The phantom blinks!
You blink.
The phantom closely misses you.
You can't go up here!
A jelly comes into view.
Things that are here:
a +0 dagger; a goblin skeleton The phantom attacks as you move away!
The phantom barely misses you. The phantom attacks as you move away!
The phantom closely misses you. The phantom attacks as you move away!
The phantom hits you! The phantom attacks as you move away!
The phantom closely misses you. The phantom attacks as you move away!
The phantom barely misses you. The phantom attacks as you move away!
The phantom hits you.
Found a scroll labelled TIYNLA VUELEO and a long sword.
Casting: Searing Ray (safe; 1% risk of failure)
Confirm with . or Enter, or press ? or * to list all spells.
Aiming: Searing Ray (safe; 1% risk of failure)
Press: ? - help, Shift-Dir - straight line, f - phantom
Aim: a phantom (water, 73% to hit)
The searing ray hits the phantom.
The phantom is lightly damaged. (Press . to maintain the ray.)
The phantom hits you.
The phantom blinks!
You blink.
An endoplasm comes into view.
Unknown command.
The phantom hits you!
* * * LOW HITPOINT WARNING * * *
The phantom blinks!
You blink.
Found 23 stones.
You hit the phantom.
The phantom is moderately damaged.
The phantom hits you.
* * * LOW HITPOINT WARNING * * *
A goblin comes into view. It is wielding a +0 club.
The phantom attacks as you move away! The phantom completely misses you.
The phantom attacks as you move away! The phantom closely misses you.
The phantom closely misses you. The phantom attacks as you move away!
The phantom hits you.
* * * LOW HITPOINT WARNING * * *
The phantom attacks as you move away! The phantom hits you.
You die...

..... #...# #...####### ......
#.........# ...... #.........#
..... .#######.........###.#
...# ......................
...# .......@W.............
..S# #..###≈..≈###......g..(...
...# #.#...#≈≈#...#............
...# #.#.⌠.#≈≈#.⌠.#.J..........
...# #.#...#≈≈#...#............
...###..###≈≈≈≈###.............
...=......≈≈≈≈≈≈...............
........J.≈≈≈≈≈≈....?..........
........###≈≈§≈###.............


You could see a phantom and an endoplasm.

Vanquished Creatures
  A howler monkey (D:3)
  Natasha (thrice) (D:3)
  8 gnolls (D:3)
  An adder (D:3)
  A dart slug (D:1)
  6 ball pythons
  7 bats
  An endoplasm (D:1)
  4 goblins
  7 hobgoblins
  3 quokkas
  11 frilled lizards
  5 kobolds
  5 rats
63 creatures vanquished.

Vanquished Creatures (others)
  2 plants (D:4)
2 creatures vanquished.

Grand Total: 65 creatures vanquished

Notes
Turn   | Place    | Note
-------+----------+-------------------------------------------
     0 | D:1      | gruber the Octopode Conjurer began the quest for the Orb.
     0 | D:1      | Reached XP level 1. HP: 11/11 MP: 3/3
    40 | D:1      | Reached XP level 2. HP: 14/17 MP: 3/5
   890 | D:1      | Learned a level 2 spell: Searing Ray
   987 | D:2      | Reached XP level 3. HP: 17/21 MP: 2/6
  1769 | D:2      | Reached skill level 5 in Conjurations
  2548 | D:3      | Noticed Natasha
  2552 | D:3      | Killed Natasha
  2553 | D:3      | Reached XP level 4. HP: 27/27 MP: 1/8
  2655 | D:3      | Found a shadowy altar of Dithmenos.
  2664 | D:3      | Noticed Grinder
  2824 | D:3      | Reached XP level 5. HP: 31/31 MP: 2/9
  2999 | D:3      | Learned a level 4 spell: Fulminant Prism
  3101 | D:3      | Noticed Natasha
  3106 | D:3      | Killed Natasha
  3269 | D:4      | Noticed a phantom
  3383 | D:3      | Reached skill level 6 in Conjurations
  3414 | D:3      | Noticed Natasha
  3603 | D:3      | Killed Natasha
  3604 | D:3      | Reached XP level 6. HP: 31/36 MP: 6/10
  3700 | D:4      | Slain by a phantom

Illustrated notes

Levels and vault maps discovered:
D:1:      mainiacjoe_arrival_reflecting_pool, layout_loops_ring, feat_on_display
D:2:      layout_basic, minmay_lizard_pond
D:3:      layout_loops_corners, lemuel_tele_altar, kennysheep_generic_room_11,
          uniq_grinder, uniq_natasha
D:4:      layout_basic, mainiacjoe_overflow_boulevard, serial_bayou_pond_b,
          serial_bayou_pond_a, fountainhead

Skill      XL: |  1  2  3  4  5 |
---------------+----------------+-----
Conjurations   | 5 6 |  6.6
Spellcasting   | 3 |  3.1
Dodging        | |  2.0
Stealth        | |  2.6

Action                   |  1- 3 |  4- 6 || total
-------------------------+-------+-------++-------
Melee: Unarmed           |    52 |       ||    52
       Constrict         |    13 |     1 ||    14
       Tentacles         |    11 |     2 ||    13
       Spear             |     3 |    14 ||    17
 Cast: Magic Dart        |    39 |     5 ||    44
       Searing Ray       |     2 |     9 ||    11
 Stab: Sleeping          |     4 |     4 ||     8
Armor: Skin              |     2 |       ||     2
Dodge: Dodged            |    37 |    19 ||    56

Table legend: (Time is in decaauts)
 A = Elapsed time spent in this place.
 B = Non-inter-level travel time spent in this place.
 C = Inter-level travel time spent in this place.
 D = Time resting spent in this place.
 E = Time spent auto-exploring this place.
 F = Levels seen in this place.
 G = Mean time per level.
                   A        B        C        D        E       F      G
               +--------+--------+--------+--------+--------+-----+--------+
         Total |   3702 |   3551 |    151 |    155 |   2816 |   4 |  925.5 |
       Dungeon |   3702 |   3551 |    151 |    155 |   2816 |   4 |  925.5 |
               +--------+--------+--------+--------+--------+-----+--------+

Top non-repeatable levels by time:
     D:3: 1588 daAuts
     D:2: 1110 daAuts
     D:1: 930 daAuts
     D:4: 73 daAuts
